 Dungeon Crawl Stone Soup version 0.17-a0-1210-g1e4f09d (webtiles) character file.

199 patman the Cudgeler (level 5, 0/46 HPs)
             Began as a Centaur Chaos Knight on June 3, 2015.
             Killed by triggering an arrow trap (7 damage)
             ... in an ossuary.
             The game lasted 00:08:32 (3129 turns).

patman the Cudgeler (Centaur Chaos Knight)          Turns: 3129, Time: 00:08:32

Health: 0/46       AC:  8    Str: 14    XL:     5   Next: 48%
Magic:  5/5        EV:  9    Int: 13    God:    Xom [...*..]
Gold:   154        SH:  0    Dex: 10    Spells: 0 memorised, 4 levels left

rFire  . . .     SeeInvis .     a - +1 mace (chaos)
rCold  + . .     Clarity  +     b - +2 leather armour
rNeg   . . .     SustAt   .     (no shield)
rPois  .         Gourm    .     l - +0 helmet
rElec  .         Spirit   .     (no cloak)
rCorr  .         Warding  .     (no gloves)
rMut   .         Stasis   .     (no barding)
MR     .....                    (no amulet)
Stlth  ..........               (no ring)
                                n - ring of protection from cold

@: very quick, not resistant to hostile enchantments, extremely unstealthy
A: hooves 3, rugged brown scales 1, clarity, clever 1, deformed body, speed 2,
high mp 1, tough skin 3
a: Renounce Religion


You were in an ossuary.
You worshipped Xom.
You were a favourite toy of Xom.
You were not hungry.

You visited 1 branch of the dungeon, and saw 4 of its levels.
You also visited: Ossuary.

You collected 154 gold pieces.

Inventory:

Hand weapons
 a - a +1 mace of chaos (weapon)
 s - a +0 great mace
Missiles
 f - 156 stones (quivered)
 t - 8 javelins
Armour
 b - a +2 leather armour (worn)
 g - a +0 plate armour
 l - a +0 helmet (worn)
 u - a +1 leather armour of fire resistance
Jewellery
 n - a ring of protection from cold (left hand)
Scrolls
 h - a scroll of recharging {unknown}
 o - a scroll of enchant weapon
 p - a scroll of blinking
 r - a scroll of remove curse {unknown}
 w - a scroll of magic mapping {unknown}
 x - a scroll of fog {unknown}
Potions
 d - 4 potions of curing
 e - 2 potions of cure mutation
 i - a potion of degeneration
 j - a potion of flight
 k - a potion of might {unknown}
 m - a potion of lignification {unknown}
 q - a potion of heal wounds {unknown}
 v - a potion of cancellation {unknown}
Comestibles
 c - 4 bread rations


   Skills:
 - Level 3.0 Fighting
 + Level 5.7 Maces & Flails
 - Level 1.3 Armour
 - Level 0.6 Dodging


You had 4 spell levels left.
You didn't know any spells.

Dungeon Overview and Level Annotations

Branches:
Dungeon (4/15)
 Temple: D:4-7

Altars:
Yredelemnul

Annotations:
D:3 Sigmund


Innate Abilities, Weirdness & Mutations

You have hooves in place of feet.
Armour fits poorly on your strangely shaped body.
You cover ground very quickly.
You have extremely tough skin (AC +3).
You are partially covered in rugged brown scales (AC +1, +3% HP).
You possess an exceptional clarity of mind.
Your mind is acute. (Int +2)
You have an increased reservoir of magic (+10% MP).


Message History

The floor.
Unknown command.
Press: ? - help, v - describe, . - travel
Here: a big kobold zombie The floor.
Unknown command.
You hit something but do no damage. You kick something.
Your crimson imp hits the rat zombie.
The rat zombie is destroyed!
The rat zombie barely misses you.
Unknown command.
The big kobold zombie hits you.
* * * LOW HITPOINT WARNING * * *
Unknown command.
Your crimson imp hits the rat zombie.
Your crimson imp hits something.
Reactivating autopickup.
You feel a bit more experienced. An arrow shoots out and hits you!
You die... "Huh?
Did I miss anything?"

#..##................
#∩.##..........∩∩....
#..##................
#..#.Z.M.........Z...
#....................
#.....##.5........Z..
#....Z##.5...........
#......Z.............
#...@..Z.........§...
###+.........#####...
#$$#.................
#$$#^..........∩.....
#####################


You could see a mummy, a rat zombie, a big kobold zombie, an elf zombie, a human
zombie and 2 friendly crimson imps.

Vanquished Creatures
  An ice beast (D:3)
  4 adders (D:2)
  An ooze (D:1)
  3 worms (D:2)
  3 giant cockroaches
  4 goblins
  4 hobgoblins
  12 jackals
  5 kobolds
  A quokka (D:2)
  A ball python (D:2)
  11 bats
  A giant newt (D:2)
  2 rats
  A bush (D:1)
54 creatures vanquished.

Vanquished Creatures (collateral kills)
  A hobgoblin (D:1)
  A hobgoblin zombie (Ossuary)
  3 jackal zombies (Ossuary)
  A rat zombie (Ossuary)
6 creatures vanquished.

Vanquished Creatures (others)
  2 fire vortices (D:1)
  A human zombie (Ossuary)
  A hobgoblin (D:1)
4 creatures vanquished.

Grand Total: 64 creatures vanquished

Notes
Turn   | Place    | Note
--------------------------------------------------------------
     0 | D:1      | patman the Centaur Chaos Knight began the quest for the Orb.
     0 | D:1      | Reached XP level 1. HP: 19/19 MP: 1/1
   248 | D:1      | XOM: silly message
   250 | D:1      | Reached XP level 2. HP: 20/26 MP: 2/2
   387 | D:1      | XOM: 1-stop teleportation journey
   540 | D:1      | XOM: harmless Pois miscast
   576 | D:1      | XOM: 1-stop teleportation journey
   810 | D:1      | XOM: silly message
   936 | D:1      | XOM: mild Erth miscast
  1190 | D:2      | Reached XP level 3. HP: 25/31 MP: 3/3
  1219 | D:2      | Found a basalt altar of Yredelemnul.
  1478 | D:2      | XOM: medium Chrm miscast
  1528 | D:2      | Reached skill level 4 in Maces & Flails
  1838 | D:2      | Reached XP level 4. HP: 20/38 MP: 4/4
  2035 | D:2      | XOM: harmless Ice miscast
  2174 | D:3      | Noticed an ice beast
  2178 | D:3      | XOM: enchant monster (bad)
  2215 | D:2      | XOM: harmless Chrm miscast
  2232 | D:3      | Noticed Sigmund
  2250 | D:2      | XOM: give mutations
  2250 | D:2      | Gained mutation: You possess an exceptional clarity of mind. [Xom's grace]
  2250 | D:2      | Gained mutation: You have an increased reservoir of magic (+10% MP). [Xom's grace]
  2250 | D:2      | Gained mutation: You are partially covered in rugged brown scales (AC +1, +3% HP). [Xom's grace]
  2250 | D:2      | Gained mutation: Your mind is acute. (Int +2) [Xom's grace]
  2443 | D:3      | XOM: 10-stop teleportation journey
  2520 | D:3      | XOM: medium Pois miscast
  2771 | D:3      | Killed an ice beast
  2771 | D:3      | Reached skill level 5 in Maces & Flails
  2771 | D:3      | Reached XP level 5. HP: 37/46 MP: 5/5
  3043 | D:4      | Found a sand-covered staircase.
  3049 | Ossuary  | Entered an ossuary
  3059 | Ossuary  | XOM: 4-stop teleportation journey
  3063 | Ossuary  | XOM: enchant monster (good)
  3111 | Ossuary  | XOM: summons 2 friendly demons
  3129 | Ossuary  | Killed by triggering an arrow trap

Vault maps used:
D:1:      dpeg_arrival_rooms_b, serial_forest, infiniplex_forest_clump_double,
          infiniplex_forest_lined_2, infiniplex_forest_zigzag_1,
          infiniplex_forest_clump_diagonal, infiniplex_forest_lined_4_way,
          infiniplex_forest_straight_4, infiniplex_forest_clump_medium,
          infiniplex_forest_fountain, grunt_decor_one_mirror
D:2:      yredelemnul_altar_generic
D:3:      minivault_14, serial_bayou_lagoon_b, uniq_sigmund
D:4:      nicolae_ossuary_entry_ruins, nicolae_qazlal_style_of_elements
Ossuary:  ossuary_minmay_tomb_2a

Action                   |  1- 3 |  4- 6 || total
-------------------------+-------+-------++-------
Melee: Mace              |   181 |    84 ||   265
  Use: Scroll            |     2 |     6 ||     8
 Stab: Paralysed         |       |     2 ||     2
  Eat: Chunk             |     2 |     2 ||     4
       Beef jerky        |       |     1 ||     1
